MLB
SACRAMENTO OIL BARONS @ PORTLAND MAVERICKS
06/17/2111
 
TOP OF THE 1ST
Austin Bats batting - Pitching for Sacramento Oil Barons : LHP Jose Jimenez
Pitching: LHP Jose Jimenez
Batting: RHB Alejandro Santiago 0-0: Ball
1-0: Ball
2-0: Swinging Strike
2-1: Called Strike
2-2: Ball
3-2: Fly out, F9 (Line Drive, 9, EV 93.8 MPH)
Batting: RHB Manny Higgins 0-0: Ball
1-0: Ball
2-0: Ball
3-0: Foul Ball, location: 9LMF
3-1: Base on Balls
Batting: RHB Mark Bradley 0-0: TRIPLE (Line Drive, 89XD, EV 110.0 MPH)
Manny Higgins scores
Batting: LHB Alex Hernandez 0-0: Ball
1-0: Ball
2-0: Ball
3-0: Called Strike
3-1: Fly out, F9 (Flyball, 9, EV 78.1 MPH)
Runner from 3rd tags up, SCORES, no throw by RF
Batting: RHB Alex Duran 0-0: Ball
1-0: Ball
2-0: Fly out, F9 (Line Drive, 9S, EV 92.5 MPH)
Top of the 1st over - 2 runs, 1 hit, 0 errors, 0 left on base; Austin 2 - Sacramento 0
BOTTOM OF THE 1ST
Sacramento Oil Barons batting - Pitching for Austin Bats : RHP Josselin Bailleul
Pitching: RHP Josselin Bailleul
Batting: RHB Omar Berrios 0-0: Fly out, F9 (Flyball, 89M, EV 91.3 MPH)
Batting: LHB Paul Jelinek 0-0: Ball
1-0: Ball
2-0: Called Strike
2-1: Ball
3-1: Foul Ball, location: 9LSF
3-2: SINGLE (Groundball, 34D, EV 103.1 MPH)
Batting: LHB Ashley May 0-0: Called Strike
0-1: Foul Ball, location: 2F
0-2: Ball
Paul Jelinek is caught stealing 2nd base 2-6
1-2: Ball
2-2: Ground out U3 (Groundball, 34S, EV 90.6 MPH)
Bottom of the 1st over - 0 runs, 1 hit, 0 errors, 0 left on base; Austin 2 - Sacramento 0
TOP OF THE 2ND
Austin Bats batting - Pitching for Sacramento Oil Barons : LHP Jose Jimenez
Batting: RHB Kyle Otts 0-0: Ball
1-0: Ball
2-0: Ball
3-0: Foul Ball, location: 9LDF
3-1: Foul Ball, location: 5F
3-2: SINGLE (Groundball, 2R, EV 66.3 MPH) (infield hit)
Batting: LHB Bill Pullen 0-0: Ball
1-0: SINGLE (Line Drive, 9S, EV 88.1 MPH)
Kyle Otts to second
Batting: RHB Danny Sheehy 0-0: Sac Bunt to 5S - play at first, batter OUT! 5-3
Kyle Otts to third
Bill Pullen to second
Batting: RHB Gabe Maldonado 0-0: Foul Ball, location: 7LMF
0-1: Swinging Strike
0-2: Foul Ball, location: 5FF
0-2: Ball
1-2: Hit by Pitch
Pinch Runner at 1st James Smith:
Batting: RHB Alejandro Santiago 0-0: Ball
1-0: Grounds into double play, 5-4-3 (Groundball, 5, EV 78.8 MPH)
Top of the 2nd over - 0 runs, 2 hits, 0 errors, 2 left on base; Austin 2 - Sacramento 0
BOTTOM OF THE 2ND
Sacramento Oil Barons batting - Pitching for Austin Bats : RHP Josselin Bailleul
Now at SS: James Smith
Batting: RHB Jose Limon 0-0: SINGLE (Groundball, 6MD, EV 104.4 MPH)
Batting: LHB Jose Martinez 0-0: Called Strike
0-1: Called Strike
0-2: Ball
1-2: Foul Ball, location: 2F
1-2: Ball
2-2: Foul Ball, location: 7LMF
2-2: Ball
3-2: 2-RUN HOME RUN (Flyball, 7LD, EV 91.9 MPH), Distance : 335 ft
Batting: RHB Antonio Villa 0-0: Ball
1-0: SINGLE (Groundball, 34S, EV 69.4 MPH) (infield hit)
Batting: RHB Marco Callingos 0-0: Ball
1-0: Called Strike
1-1: Called Strike
1-2: Fly out, F4 (Popup, 34, EV 68.8 MPH)
Batting: RHB Edwin Ramirez 0-0: Ball
Antonio Villa steals 2nd base
1-0: Called Strike
1-1: Ball
2-1: Ball
3-1: Foul Ball, location: 3F
3-2: Ground out 4-3 (Groundball, 34D, EV 83.1 MPH)
Antonio Villa to third
Batting: RHB Victor Flores 0-0: Ball
Passed Ball!
Antonio Villa scores
1-0: SOLO HOME RUN (Flyball, 9D, EV 100.0 MPH), Distance : 389 ft
Batting: RHB Omar Berrios 0-0: Ball
1-0: Ground out U3 (Groundball, 13, EV 82.5 MPH)
Bottom of the 2nd over - 4 runs, 4 hits, 0 errors, 0 left on base; Austin 2 - Sacramento 4
TOP OF THE 3RD
Austin Bats batting - Pitching for Sacramento Oil Barons : LHP Jose Jimenez
Batting: RHB Manny Higgins 0-0: Ground out 5-3 (Groundball, 56S, EV 81.3 MPH)
Batting: RHB Mark Bradley 0-0: Ball
1-0: Foul Ball, location: 3F
1-1: Ball
2-1: Swinging Strike
2-2: Ball
3-2: SINGLE (Groundball, 4MD, EV 97.5 MPH)
Batting: LHB Alex Hernandez 0-0: DOUBLE (Line Drive, 89M, EV 100.0 MPH)
Mark Bradley to third
Batting: RHB Alex Duran 0-0: DOUBLE (Flyball, 78XD, EV 98.1 MPH)
Mark Bradley scores
Alex Hernandez scores
Batting: RHB Kyle Otts 0-0: Foul Ball, location: 23F
0-1: Ball
1-1: Called Strike
1-2: Fly out, F7 (Flyball, 7D, EV 86.9 MPH)
Runner from 2nd tags up, SAFE at 3rd, no throw by LF
Batting: LHB Bill Pullen 0-0: Fly out, F9 (Flyball, 9LSF, EV 80.0 MPH)
Top of the 3rd over - 2 runs, 3 hits, 0 errors, 1 left on base; Austin 4 - Sacramento 4
BOTTOM OF THE 3RD
Sacramento Oil Barons batting - Pitching for Austin Bats : RHP Josselin Bailleul
Batting: LHB Paul Jelinek 0-0: Ball
1-0: Ball
2-0: SINGLE (Line Drive, 8LS, EV 105.6 MPH)
Batting: LHB Ashley May 0-0: Ball
1-0: Called Strike
Paul Jelinek steals 2nd base
1-1: Ball
2-1: Swinging Strike
2-2: SINGLE (Line Drive, 78S, EV 106.3 MPH)
Paul Jelinek to third
Runner from 3rd tries for Home, SAFE, throw by LF to home
Batting: RHB Jose Limon 0-0: Ball
1-0: Bunted foul
1-1: DOUBLE (Line Drive, 7LD, EV 101.3 MPH)
Ashley May to third
Pitching: RHP Elliot Jones
Batting: LHB Jose Martinez 0-0: Ball
1-0: Foul Ball, location: 9LSF
1-1: DOUBLE (Line Drive, 5D, EV 110.6 MPH)
Ashley May scores
Jose Limon scores
Batting: RHB Antonio Villa 0-0: Bunted foul
0-1: Sac Bunt to 5S - play at third, runner OUT! 5-6
Batting: RHB Marco Callingos 0-0: Ball
1-0: Ball
2-0: Foul Ball, location: 9LSF
2-1: Foul Ball, location: 2F
2-2: Fly out, F3 (Popup, 34S, EV 77.5 MPH)
Batting: RHB Edwin Ramirez 0-0: Ball
1-0: Ball
2-0: Swinging Strike
2-1: DOUBLE (Flyball, 8RD, EV 107.5 MPH)
Antonio Villa to third
Runner from 3rd tries for Home, SAFE, throw by CF to home
Batting: RHB Victor Flores 0-0: Ball
1-0: Swinging Strike
1-1: DOUBLE (Flyball, 8LXD, EV 95.0 MPH)
Edwin Ramirez scores
Batting: RHB Omar Berrios 0-0: Ball
1-0: Called Strike
1-1: Ball
2-1: Called Strike
2-2: Ground out 5-3 (Groundball, 56S, EV 69.4 MPH)
Bottom of the 3rd over - 5 runs, 6 hits, 0 errors, 1 left on base; Austin 4 - Sacramento 9
TOP OF THE 4TH
Austin Bats batting - Pitching for Sacramento Oil Barons : LHP Jose Jimenez
Batting: RHB Danny Sheehy 0-0: Swinging Strike
0-1: Ball
1-1: Ground out 5-3 (Groundball, 56, EV 82.5 MPH)
Batting: LHB James Smith 0-0: Foul Ball, location: 7LMF
0-1: Hit by Pitch
Batting: RHB Alejandro Santiago 0-0: Ball
1-0: Foul Ball, location: 9LSF
1-1: Foul Ball, location: 9LSFF
1-2: Hit by Pitch
James Smith to second
Batting: RHB Manny Higgins 0-0: Ball
1-0: Ball
2-0: Called Strike
2-1: Ball
3-1: Foul Ball, location: 9LSF
3-2: Grounds into double play, 5-4-3 (Groundball, 56S, EV 83.1 MPH)
Top of the 4th over - 0 runs, 0 hits, 0 errors, 1 left on base; Austin 4 - Sacramento 9
BOTTOM OF THE 4TH
Sacramento Oil Barons batting - Pitching for Austin Bats : RHP Elliot Jones
Batting: LHB Paul Jelinek 0-0: Ball
1-0: Foul Ball, location: 9LMF
1-1: Called Strike
1-2: Foul Ball, location: 2F
1-2: Foul Ball, location: 7LSF
1-2: Strikes out swinging
Batting: LHB Ashley May 0-0: Ground out U3 (Groundball, 34, EV 105.6 MPH)
Batting: RHB Jose Limon 0-0: Ball
1-0: Ball
2-0: Ball
3-0: Called Strike
3-1: Swinging Strike
3-2: Ground out 4-3 (Groundball, 4, EV 81.3 MPH)
Bottom of the 4th over - 0 runs, 0 hits, 0 errors, 0 left on base; Austin 4 - Sacramento 9
TOP OF THE 5TH
Austin Bats batting - Pitching for Sacramento Oil Barons : LHP Jose Jimenez
Batting: RHB Mark Bradley 0-0: Foul Ball, location: 5SF
0-1: Ball
1-1: Ground out 4-3 (Groundball, 4, EV 101.9 MPH)
Batting: LHB Alex Hernandez 0-0: Called Strike
0-1: Ball
1-1: Called Strike
1-2: Ball
2-2: Foul Ball, location: 25F
2-2: Ball
3-2: Fly out, F7 (Line Drive, 7S, EV 88.1 MPH)
Batting: RHB Alex Duran 0-0: Ball
1-0: Ball
2-0: Fly out, F7 (Line Drive, 7, EV 88.1 MPH)
Top of the 5th over - 0 runs, 0 hits, 0 errors, 0 left on base; Austin 4 - Sacramento 9
BOTTOM OF THE 5TH
Sacramento Oil Barons batting - Pitching for Austin Bats : RHP Elliot Jones
Batting: LHB Jose Martinez 0-0: Ball
1-0: Ball
2-0: Ground out 6-3 (Groundball, 6, EV 78.1 MPH)
Batting: RHB Antonio Villa 0-0: SINGLE (Groundball, P, EV 88.1 MPH) (infield hit)
Pitching: RHP Lucas Bone
Batting: RHB Marco Callingos 0-0: Ball
Antonio Villa steals 2nd base
1-0: Foul Ball, location: 23F
1-1: SINGLE (Groundball, 6MD, EV 97.5 MPH)
Antonio Villa to third
Batting: RHB Edwin Ramirez 0-0: Foul Ball, location: 2F
0-1: DOUBLE (Line Drive, 8RXD, EV 105.0 MPH)
Antonio Villa scores
Marco Callingos to third
Runner from 3rd tries for Home, SAFE, throw by CF to home
Batting: RHB Victor Flores 0-0: Called Strike
0-1: Ball
1-1: Swinging Strike
1-2: Ball
2-2: Strikes out swinging
Batting: RHB Omar Berrios 0-0: Swinging Strike
0-1: Ball
1-1: Swinging Strike
1-2: Foul Ball, location: 2F
1-2: Ball
2-2: Ball
3-2: SINGLE (Line Drive, 9LS, EV 96.3 MPH)
Edwin Ramirez to third
Runner from 3rd tries for Home, SAFE, throw by RF to home
Batting: LHB Paul Jelinek 0-0: Ball
1-0: Ball
2-0: Ground out U3 (Groundball, 3, EV 77.5 MPH)
Bottom of the 5th over - 3 runs, 4 hits, 0 errors, 1 left on base; Austin 4 - Sacramento 12
TOP OF THE 6TH
Austin Bats batting - Pitching for Sacramento Oil Barons : LHP Jose Jimenez
Batting: RHB Kyle Otts 0-0: Called Strike
0-1: Foul Ball, location: 2F
0-2: Strikes out looking
Batting: LHB Bill Pullen 0-0: Foul Ball, location: 2LF
0-1: Foul Ball, location: 2F
0-2: Ball
1-2: Strikes out swinging
Batting: RHB Danny Sheehy 0-0: SINGLE (Flyball, 8LS, EV 95.6 MPH)
Batting: LHB James Smith 0-0: Called Strike
0-1: Foul Ball, location: 2F
0-2: Foul Ball, location: 3F
0-2: Ball
1-2: Strikes out swinging
Top of the 6th over - 0 runs, 1 hit, 0 errors, 1 left on base; Austin 4 - Sacramento 12
BOTTOM OF THE 6TH
Sacramento Oil Barons batting - Pitching for Austin Bats : RHP Lucas Bone
Batting: LHB Ashley May 0-0: Ball
1-0: Called Strike
1-1: Ball
2-1: SINGLE (Line Drive, 56D, EV 96.3 MPH)
Pitching: RHP Bobby Hard
Batting: RHB Jose Limon 0-0: Ball
1-0: Ball
2-0: Called Strike
2-1: Foul Ball, location: 25F
2-2: Ball
3-2: Fly out, F8 (Flyball, 8RXD, EV 104.4 MPH)
Batting: LHB Jose Martinez 0-0: Called Strike
0-1: Foul Ball, location: 2F
0-2: Ball
1-2: Fielders Choice at 2nd, 6-4 (Groundball, 6, EV 91.9 MPH)
Batting: RHB Antonio Villa 0-0: Ball
1-0: Ball
2-0: Ball
3-0: Called Strike
3-1: Foul Ball, location: 3F
3-2: Base on Balls
Jose Martinez to second
Batting: RHB Marco Callingos 0-0: Fielders Choice at 2nd, 5-4 (Groundball, 56, EV 78.1 MPH)
Bottom of the 6th over - 0 runs, 1 hit, 0 errors, 2 left on base; Austin 4 - Sacramento 12
TOP OF THE 7TH
Austin Bats batting - Pitching for Sacramento Oil Barons : LHP Jose Jimenez
Batting: RHB Alejandro Santiago 0-0: Called Strike
0-1: Ball
1-1: Ball
2-1: Foul Ball, location: 7LSFF
2-2: Strikes out swinging
Batting: RHB Manny Higgins 0-0: Called Strike
0-1: Ground out 1-3 (Groundball, 15S, EV 69.4 MPH)
Batting: RHB Mark Bradley 0-0: Swinging Strike
0-1: Ground out 1-3 (Groundball, 34S, EV 67.5 MPH)
Top of the 7th over - 0 runs, 0 hits, 0 errors, 0 left on base; Austin 4 - Sacramento 12
BOTTOM OF THE 7TH
Sacramento Oil Barons batting - Pitching for Austin Bats : RHP Bobby Hard
Batting: RHB Edwin Ramirez 0-0: Called Strike
0-1: Ball
1-1: SINGLE (Line Drive, 8LS, EV 103.8 MPH)
Batting: RHB Victor Flores 0-0: Foul Ball, location: 2F
0-1: Swinging Strike
0-2: Grounds into double play, 5-4-3 (Groundball, 5, EV 106.3 MPH)
Batting: RHB Omar Berrios 0-0: Called Strike
0-1: Called Strike
0-2: Ball
1-2: Foul Ball, location: 5F
1-2: Strikes out looking
Bottom of the 7th over - 0 runs, 1 hit, 0 errors, 0 left on base; Austin 4 - Sacramento 12
TOP OF THE 8TH
Austin Bats batting - Pitching for Sacramento Oil Barons : LHP Jose Jimenez
Batting: LHB Alex Hernandez 0-0: Ball
1-0: SINGLE (Groundball, 34, EV 98.8 MPH) (infield hit)
Batting: RHB Alex Duran 0-0: Ball
1-0: Fly out, F7 (Flyball, 78M, EV 91.9 MPH)
Batting: RHB Kyle Otts 0-0: Called Strike
0-1: Ball
1-1: SINGLE (Line Drive, 7S, EV 110.0 MPH)
Alex Hernandez to second
Pitching: RHP Dave Wakeham
Batting: LHB Bill Pullen 0-0: Called Strike
0-1: Fielders Choice at 2nd, 5-4 (Groundball, 56S, EV 83.1 MPH)
Alex Hernandez to third
Batting: RHB Danny Sheehy 0-0: Called Strike
0-1: Called Strike
0-2: Ball
1-2: Foul Ball, location: 2F
1-2: Foul Ball, location: 2F
1-2: Ball
2-2: Ball
3-2: Strikes out swinging
Top of the 8th over - 0 runs, 2 hits, 0 errors, 2 left on base; Austin 4 - Sacramento 12
BOTTOM OF THE 8TH
Sacramento Oil Barons batting - Pitching for Austin Bats : RHP Bobby Hard
Pitching: RHP Alberto Leyva
Batting: LHB Paul Jelinek 0-0: Ball
1-0: Called Strike
1-1: Foul Ball, location: 5FF
1-2: Ball
2-2: Foul Ball, location: 25F
2-2: Fly out, F8 (Flyball, 8RS, EV 80.0 MPH)
Batting: LHB Ashley May 0-0: Ball
1-0: Foul Ball, location: 2RF
1-1: Swinging Strike
1-2: SOLO HOME RUN (Flyball, 9LD, EV 97.5 MPH), Distance : 364 ft
Batting: RHB Jose Limon 0-0: Ball
1-0: Ball
2-0: Ball
3-0: Base on Balls
Batting: LHB Jose Martinez 0-0: Fielders Choice at 2nd, 4-6 (Groundball, 4, EV 90.6 MPH)
Batting: RHB Antonio Villa 0-0: Foul Ball, location: 3F
0-1: Foul Ball, location: 23F
0-2: Fielders Choice at 2nd, 6-4 (Groundball, 6, EV 99.4 MPH)
Bottom of the 8th over - 1 run, 1 hit, 0 errors, 1 left on base; Austin 4 - Sacramento 13
TOP OF THE 9TH
Austin Bats batting - Pitching for Sacramento Oil Barons : RHP Dave Wakeham
Batting: LHB James Smith 0-0: Foul Ball, location: 5F
0-1: Ball
1-1: Ball
2-1: Called Strike
2-2: Strikes out swinging
Batting: RHB Alejandro Santiago 0-0: Called Strike
0-1: Ball
1-1: Foul Ball, location: 2F
1-2: Ball
2-2: Fly out, F9 (Flyball, 89M, EV 80.0 MPH)
Batting: RHB Manny Higgins 0-0: Called Strike
0-1: Foul Ball, location: 3FF
0-2: Ball
1-2: Foul Ball, location: 3F
1-2: Ground out 5-3 (Groundball, 56, EV 88.8 MPH)
Top of the 9th over - 0 runs, 0 hits, 0 errors, 0 left on base; Austin 4 - Sacramento 13
Wednesday, August 28th , 2024 - OOTP Baseball 25.8 Build 87